 Dungeon Crawl Stone Soup version 0.27.1 (webtiles) character file.

Game seed: 4390959816292245830

3 Kold the Shield-Bearer (level 1, 0/18 HPs)
             Began as a Formicid Fighter on Sept 3, 2021.
             Frozen to death by an endoplasm (5 damage)
             ... on level 1 of the Dungeon.
             The game lasted 00:00:17 (210 turns).

Kold the Shield-Bearer (Formicid Fighter)            Turns: 210, Time: 00:00:18

Health: 0/18       AC:  6    Str: 20    XL:     1   Next: 55%
Magic:  1/1        EV:  7    Int:  7    God:
Gold:   0          SH:  9    Dex: 10    Spells: 0/0 levels left

rFire    . . .     SeeInvis +   a - +0 long sword
rCold    . . .     Faith    .   c - +0 kite shield
rNeg     . . .     Spirit   .   b - +0 scale mail
rPois    .         Reflect  .   (helmet unavailable)
rElec    .         Harm     .   (no cloak)
rCorr    .         Rampage  .   (no gloves)
Will     .....                  (no boots)
Stlth    ..........             (no amulet)
HPRegen  0.06/turn              (no ring)
MPRegen  0.07/turn              (no ring)

@: no status effects
A: permanent stasis, dig shafts and tunnels, antennae 3, four strong arms
a: Dig, Shaft Self


You were on level 1 of the Dungeon.
You visited 1 branch of the dungeon, and saw 1 of its levels.

Inventory:

Hand Weapons
 a - a +0 long sword (weapon)
Armour
 b - a +0 scale mail (worn)
 c - a +0 kite shield (worn)
Potions
 d - a potion of might


   Skills:
 - Level 3.2 Fighting
 * Level 2.2 Long Blades
 - Level 3.2 Armour
 + Level 3.7 Shields


You couldn't memorise any spells.
You didn't know any spells.
Your spell library contained the following spells:

 Spells                   Type           Power      Damage    Failure   Level
 Slow                     Hex            0%         N/A       99%         2
 Confusing Touch          Hex            0%         N/A       100%        3
 Vampiric Draining        Necr           0%         2d6       100%        3


Dungeon Overview and Level Annotations

Branches:
Dungeon (1/15)

Altars:


Innate Abilities, Weirdness & Mutations

You cannot be hasted, slowed, berserked, paralysed or teleported.
You can dig through walls and to a lower floor.
You have a pair of large antennae on your head. (SInv)
Your four strong arms can wield two-handed weapons with a shield.


Message History

No target in view!
No target in view!
No target in view!
No target in view!
No target in view!
A quokka and an endoplasm come into view.
There are monsters nearby!
A bat and a rat come into view.
You hit the quokka.
The quokka is almost dead.
The quokka barely misses you. The rat bites you. You block the quokka's attack.
You hit the quokka but do no damage.
The quokka is almost dead.
The quokka bites you. The rat barely misses you.
You riposte.
You barely miss the rat. You hit the quokka.
You kill the quokka!
The bat hits you but does no damage. You block the rat's attack.
The rat bites you but does no damage. You block the endoplasm's attack.
You barely miss the rat. The rat bites you.
The endoplasm hits you but does no damage.
You are too injured to fight recklessly!
You are too injured to fight recklessly!
The rat barely misses you. You block the endoplasm's attack.
You barely miss the rat. The rat bites you but does no damage.
The endoplasm freezes you.
You are frozen.
The rat bites you.
* * * LOW HITPOINT WARNING * * *
The endoplasm hits you but does no damage.
You hit the rat.
You kill the rat!
The bat barely misses you.
You riposte.
You closely miss the bat.
The endoplasm hits you but does no damage.
You block the bat's attack.
You hit the endoplasm but do no damage. The bat hits you but does no damage.
You block the endoplasm's attack. The endoplasm freezes you.
You are frozen.
You die...

######
##...##.....#...# .##
#...##.†...# #.# ....
#...##.....+ #
..###...##.....##
...#...#.........
#.#...#......... .
#................ #..
##b....#..........
.....##†@.†..#.........
#....J##...#.........
#.#...###...#.........
#..# #...#........ #..#
#...#........ ....
#####........ #..# #..
#.


You could see an endoplasm and a bat.

Vanquished Creatures
  A quokka (D:1)
  A bat (D:1)
  2 rats (D:1)
4 creatures vanquished.

Notes
Turn   | Place    | Note
-------+----------+-------------------------------------------
     0 | D:1      | Kold the Formicid Fighter began the quest for the Orb.
     0 | D:1      | Reached XP level 1. HP: 18/18 MP: 1/1
   210 | D:1      | Frozen to death by an endoplasm

Illustrated notes

Levels and vault maps discovered:
D:1:      dpeg_arrival_circle_labyrinth_c, layout_basic, st_stairs_14,
          amcnicky_mini_corridor_feature, minmay_bisected

Action                   || total
-------------------------++-------
Melee: Long sword        ||    11
Armor: Scale mail        ||    10
Dodge: Dodged            ||     4
Block: Kite shield       ||     6
       Rpst.: Long sword ||     2
